 Dungeon Crawl Stone Soup version 0.30.1-6-gbe392663c4 (webtiles) character file.

Game seed: 8902524391106836080

53 NullDivider the Stinger (level 3, -5/21 HPs)
             Began as an Octopode Venom Mage on Sept 20, 2023.
             Slain by Natasha (6 damage)
             ... on level 2 of the Dungeon.
             The game lasted 00:06:31 (1369 turns).

NullDivider the Stinger (Octopode Venom Mage)       Turns: 1369, Time: 00:06:33

Health: -5/21      AC:  1    Str:  7    XL:     3   Next: 87%
Magic:  0/6        EV: 13    Int: 17    God:
Gold:   22         SH:  0    Dex: 14    Spells: 3/6 levels left

rFire   . . .        (no weapon)
rCold   . . .        (no shield)
rNeg    . . .        (helmet restricted)
rPois   .            e - amulet of the acrobat
rElec   .            (no ring)
rCorr   .            (no ring)
SInv    .            (no ring)
Will    .....        (no ring)
Stlth   +++          (no ring)
HPRegen 0.23/turn    (no ring)
MPRegen 0.10/turn    (no ring)
                     (no ring)

%: acrobat
@: very slightly contaminated, slowed, very slow
A: almost no armour, amphibious, 8 rings, camouflage 1, gelatinous body 1,
(nimble swimmer 1), tentacles
a: no special abilities


You were on level 2 of the Dungeon.
You visited 1 branch of the dungeon, and saw 2 of its levels.

You collected 22 gold pieces.

Inventory:

Jewellery
 e - an amulet of the acrobat (around mantle)
Scrolls
 c - a scroll of identify {unknown}
Potions
 a - a potion of magic
 b - a potion of flight {unknown}
 d - a potion of heal wounds {unknown}
 f - a potion of attraction {unknown}


   Skills:
 + Level 2.5 Dodging
 + Level 3.6 Stealth
 + Level 2.4 Spellcasting
 - Level 1.0 Transmutations
 + Level 0.5 Air Magic
 + Level 4.2 Poison Magic


You had 3 spell levels left.
You knew the following spells:

 Your Spells              Type           Power      Damage    Failure   Level
a - Sting                 Tmut/Pois      40%        1d5       6%          1
b - Poisonous Vapours     Pois/Air       20%        N/A       11%         2

Your spell library contained the following spells:

 Spells                   Type           Power      Damage    Failure   Level
 Mephitic Cloud           Conj/Pois/Air  7%         N/A       28%         3
 Olgreb's Toxic Radiance  Pois           16%        N/A       32%         4


Dungeon Overview and Level Annotations

Branches:
Dungeon (2/15)

Altars:

Annotations:
D:2 Natasha


Innate Abilities, Weirdness & Mutations

You cannot wear most types of armour.
You are amphibious.
You can wear up to eight rings at the same time.
Your skin changes colour to match your surroundings (Stealth+).
Your rubbery body absorbs attacks. (AC +1, EV +1)
((You are camouflaged when in or above water. (Stealth+)))
You have tentacles for arms and can constrict up to eight enemies at once.


Message History

Press: ? - help, Dir - move target, f - Natasha
Aim: Natasha You miscast Poisonous Vapours.
You are very lightly contaminated with residual magic.
Nothing appears to happen.
Casting: Poisonous Vapours (safe; 11% risk of failure)
Confirm with . or Enter, or press ? or * to list all spells.
Aiming: Poisonous Vapours (safe; 11% risk of failure)
Press: ? - help, Dir - move target, f/p - Natasha
Aim: Natasha You miscast Poisonous Vapours.
Nothing appears to happen.
Casting: Poisonous Vapours (safe; 11% risk of failure)
Confirm with . or Enter, or press ? or * to list all spells.
You don't have enough magic to cast this spell.
Unknown command.
Casting: Poisonous Vapours (safe; 11% risk of failure)
Confirm with . or Enter, or press ? or * to list all spells.
Aiming: Sting (safe; 6% risk of failure)
Press: ? - help, Shift-Dir - straight line, f/p - Natasha
Aim: Natasha (64% to hit)
The sting misses Natasha.
You tentacle-slap Natasha. Your grab misses Natasha.
Natasha is lightly wounded.
Natasha closely misses you.
You tentacle-slap Natasha but do no damage.
Your grab misses Natasha. You squeeze Natasha, but do no damage.
Natasha claws you! x2
* * * LOW HITPOINT WARNING * * *
A frilled lizard comes into view.
You tentacle-slap Natasha but do no damage.
Your grab misses Natasha. Natasha casts a spell at you.
You resist with significant effort.
You tentacle-slap Natasha but do no damage.
Your grab misses Natasha. You squeeze Natasha.
Natasha is lightly wounded.
Natasha claws you.
* * * LOW HITPOINT WARNING * * *
Natasha claws you.
You die...

#. ..
#.######
###......+
#........#
+........#
#........#
+...@....#
#...h....#
............#
####........#
#........#
#...l....#
#(.......#
#.........


You could see Natasha and a frilled lizard.

Vanquished Creatures
  Natasha (D:2)
  4 ball pythons (D:1)
  A bat (D:1)
  5 endoplasms (D:1)
  A giant cockroach (D:1)
  2 goblins (D:1)
  A hobgoblin (D:1)
  2 jackals (D:1)
  A quokka (D:1)
  A frilled lizard (D:1)
  4 kobolds (D:1)
23 creatures vanquished.

Notes
Turn   | Place    | Note
-------+----------+-------------------------------------------
     0 | D:1      | NullDivider the Octopode Venom Mage began the quest for the
                  | Orb.
     0 | D:1      | Reached XP level 1. HP: 11/11 MP: 3/3
   303 | D:1      | Reached XP level 2. HP: 13/17 MP: 5/5
   698 | D:1      | Reached skill level 4 in Poison Magic
   721 | D:1      | Learned a level 2 spell: Poisonous Vapours
   864 | D:1      | Reached XP level 3. HP: 5/21 MP: 6/6
  1356 | D:2      | Noticed Natasha
  1360 | D:2      | Killed Natasha
  1362 | D:2      | Noticed Natasha
  1369 | D:2      | HP: 1/21 [Natasha (6)]
  1369 | D:2      | Slain by Natasha

Illustrated notes

Levels and vault maps discovered:
D:1:      psy_arrival_conway, layout_basic
D:2:      layout_basic, serial_shops, nicolae_shop_competitors_out_of_business,
          minmay_hexomino_u4, uniq_natasha

Skill      XL: |  1  2 |
---------------+-------+-----
Stealth        | 3 |  3.6
Poison Magic   | 4 |  4.2
Dodging        | |  2.5
Spellcasting   | |  2.4
Transmutations | |  1.0
Air Magic      | |  0.5

Action                     || total
---------------------------++-------
  Melee: Unarmed           ||    63
         Tentacles         ||    14
         Constrict         ||    10
   Cast: Sting             ||    11
         Poisonous Vapours ||     1
   Stab: Sleeping          ||    12
 Armour: Skin              ||     5
  Dodge: Dodged            ||    28
